Map: Vaani Research Station (Void)

Players

Cham

  • Race: Zerg Zerg
  • Spawn Location: 12:00

Kelazhur - Winner!

  • Race: Terran Terran
  • League: Diamond
  • Spawn Location: 6:00

Event: WESG 2016 Finals

VOD

Have the link to the VOD?

Description

Time

  • Played on: Jan. 13, 2017, 1:17 p.m.
  • Length: 5:19

All games in this series

Show
View Real Time Build Order
Export as new Build Order

Cham Zerg 

Build Orders: Hatch First 

Get SALT Encoding   

  12  0:00  Drone  
  13  0:09  Drone  
  14  0:18  Overlord  
  14  0:37  Drone x3  
  17  0:53  Hatchery  
  17  0:56  Drone  
  17  0:59  Drone  
  18  1:08  Extractor  
  17  1:15  Spawning Pool  
  17  1:18  Drone  
  17  1:22  Drone  
  18  1:34  Drone  
  19  1:41  Overlord  
  19  2:01  Queen  
  19  2:02  Zergling x2  
  19  2:04  Zergling x2  
  23  2:10  Roach Warren  
  23  2:15  Zergling x2  
  22  2:23  Drone  
  22  2:25  Overlord  
  22  2:43  Queen  
  23  2:51  Roach x2  
  23  2:53  Drone  
  23  2:57  Drone  
  29  3:03  Metabolic Boost  
  29  3:08  Drone  
  29  3:11  Drone  
  30  3:28  Roach x3  
  30  3:32  Overlord  
  36  3:37  Roach  
  36  3:40  Roach  
  40  3:45  Overlord  
  41  3:48  Ravager  
  41  3:50  Zergling x2  
  41  3:53  Zergling x2  
  43  3:55  Zergling x2  
  43  3:58  Zergling x2  
  43  4:01  Zergling x2  
  46  4:04  Zergling x2  
  47  4:11  Drone x2  
  47  4:12  Ravager  
  47  4:15  Zergling x2  
  47  4:17  Zergling x2  
  52  4:20  Zergling x2  
  53  4:24  Zergling x2  
  53  4:28  Zergling x4  
  56  4:39  Zergling x2  
  56  4:44  Ravager  
  56  4:45  Overlord  
  56  4:46  Zergling x2  
  56  4:47  Zergling x4  
  59  4:56  Overlord  
Show
View Real Time Build Order
Export as new Build Order

Kelazhur Terran - Winner!

Build Orders: Reaper Expand 

Get SALT Encoding   

  12  0:01  SCV  
  13  0:13  SCV  
  14  0:18  Supply Depot  
  14  0:25  SCV  
  15  0:40  SCV  
  15  0:41  Barracks  
  16  0:46  Refinery  
  16  0:52  SCV  
  17  1:04  SCV  
  18  1:16  SCV  
  19  1:28  Orbital Command  
  19  1:29  Reaper  
  20  1:44  Command Center  
  20  1:55  SCV  
  20  1:57  Supply Depot  
  21  2:01  Reaper  
  21  2:05  Refinery  
  22  2:15  SCV  
  22  2:27  SCV, Factory  
  23  2:39  SCV  
  24  2:51  SCV  
  24  2:56  Command Center  
  25  3:02  Orbital Command  
  25  3:05  SCV  
  26  3:10  Factory Reactor  
  26  3:17  SCV  
  26  3:19  Starport  
  27  3:28  SCV  
  27  3:29  SCV  
  27  3:33  Bunker  
  29  3:40  SCV  
  31  3:41  SCV  
  31  3:47  Hellion x2  
  35  3:52  SCV  
  35  3:53  SCV  
  35  3:55  Starport Tech Lab  
  37  4:04  SCV  
  37  4:05  SCV  
  39  4:10  Widow Mine x2  
  39  4:13  Banshee  
  39  4:16  SCV  
  47  4:18  Orbital Command  
  47  4:22  SCV  
  48  4:28  SCV  
  48  4:30  Marine  
  50  4:34  SCV  
  50  4:35  Supply Depot  
  51  4:40  SCV  
  51  4:41  Widow Mine x2  
  54  4:47  Marine  
  54  4:50  SCV  
  56  4:58  SCV  
  56  4:59  Supply Depot  
  58  5:00  SCV  
Tags
 
Add a new tag
Caveats
  • Supply blocks, unpowered buildings, or Contaminate may cause inaccurate times.
  • Supply counts are checked every 10 seconds.